 Dungeon Crawl Stone Soup version 0.22.0-13-g43fe8f2 (webtiles) character file.

1417 shmeve the Skirmisher (level 8, -5/111 HPs)
             Began as a Minotaur Berserker on Aug 17, 2018.
             Was a Priest of Trog.
             Slain by a wight
             ... wielding a +5 scimitar
              (8 damage)
             ... on level 6 of the Dungeon.
             The game lasted 00:08:11 (5281 turns).

shmeve the Skirmisher (Minotaur Berserker)          Turns: 5281, Time: 00:08:12

Health: -5/111     AC:  3    Str: 29    XL:     8   Next: 43%
Magic:  7/7        EV: 13    Int:  4    God:    Trog [***...]
Gold:   207        SH:  0    Dex: 10    Spells: 7/7 levels left

rFire    . . .     SeeInvis .   s - +0 war axe
rCold    . . .     Gourm    .   (no shield)
rNeg     . . .     Faith    .   b - +0 animal skin
rPois    .         Spirit   .   (helmet restricted)
rElec    .         Reflect  .   (no cloak)
rCorr    .         Harm     .   d - +0 pair of gloves (curse)
MR       .....                  (no boots)
Stlth    ..........             n - amulet of the acrobat
HPRegen  0.28/turn              e - ring of stealth
MPRegen  0.10/turn              a - ring of flight

@: berserking, drained, very quick
A: retaliatory headbutt, horns 2
a: Berserk, Trog's Hand, Renounce Religion, Evoke Flight


You were on level 6 of the Dungeon.
You worshipped Trog.
Trog was most pleased with you.
You were near starving.

You visited 1 branch of the dungeon, and saw 6 of its levels.

You collected 207 gold pieces.

Inventory:

Hand Weapons
 s - a +0 war axe (weapon)
Missiles
 w - 10 tomahawks (quivered)
 B - 7 exploding tomahawks
Armour
 b - a +0 animal skin (worn)
 d - a cursed +0 pair of gloves (worn)
Jewellery
 a - a ring of flight (right hand)
 e - a ring of stealth (left hand)
 n - an amulet of the acrobat (around neck)
Wands
 A - a wand of digging (5)
Scrolls
 h - 3 scrolls of noise {unknown}
 l - 3 scrolls of enchant armour {unknown}
 m - 3 scrolls of blinking {unknown}
 o - a scroll of random uselessness {unknown}
 q - 4 scrolls of remove curse {unknown}
 t - 6 scrolls of identify {unknown}
 v - a scroll of immolation {unknown}
 y - a scroll of enchant weapon {unknown}
Potions
 f - a potion of mutation {unknown}
 g - a potion of agility {unknown}
 i - 2 potions of berserk rage {unknown}
 j - 6 potions of curing {unknown}
 k - a potion of might {unknown}
 p - 2 potions of lignification {unknown}
 r - 2 potions of degeneration {unknown}
 u - a potion of heal wounds {unknown}
 x - a potion of flight {unknown}
 z - a potion of cancellation {unknown}
Comestibles
 c - 10 rations


   Skills:
 * Level 7.7(6.8) Fighting
 * Level 7.6(6.7) Axes
 + Level 3.6(2.8) Throwing
 + Level 5.1(4.3) Armour
 + Level 4.8(4.0) Dodging


You had 7 spell levels left.
You didn't know any spells.
Your spell library was empty.

Dungeon Overview and Level Annotations

Branches:
Dungeon (6/15)
 Temple: D:4-7

Altars:
Ashenzari
Dithmenos
Hepliaklqana
Okawaru
Ru

Shops:
D:5 =


Innate Abilities, Weirdness & Mutations

You reflexively headbutt those who attack you in melee.
You have a pair of horns on your head.


Message History

You completely miss the wight. You headbutt the wight!
The wight is almost destroyed.
You barely miss the wight. The wight hits you with a falchion.
* * * LOW HITPOINT WARNING * * *
You feel drained.
You slice the wight!!
You destroy the wight!
Trog accepts your kill.
You slash the wight!
You destroy the wight!
Trog accepts your kill. The wight closely misses you.
You hit the wight but do no damage. You closely miss the wight.
The wight hits you from afar with a halberd!
* * * LOW HITPOINT WARNING * * *
You feel drained.
* * * LOW HITPOINT WARNING * * *
The wight hits you with an enchanted scimitar!
You die...

######
#.....#
+....
######...
###.#....#
.z.#....#
#z#....##
#)@.....#
###.....#
#.....#
#.....#
#.....#
###.....##.#
#..........#
#.####.#####
#. #....#


You could see 2 wights.

Vanquished Creatures
  Grinder (D:4)
  The ghost of Vylera the Vexing, an amateur FoAM (D:4)
  A hungry ghost (D:5)
  A centaur (D:3)
  A scorpion (D:6)
  3 wights (D:6)
  A crimson imp (D:5)
  A quasit (D:2)
  2 hounds
  A bullfrog skeleton (D:6)
  2 orc priests
  An iguana (D:5)
  2 orc wizards (D:4)
  A centaur skeleton (D:5)
  4 worker ants (D:5)
  A hound skeleton (D:5)
  4 gnolls (D:4)
  5 adders
  A white imp (D:4)
  A worker ant simulacrum (D:4)
  An ooze (D:3)
  A worm (D:5)
  2 dart slugs
  An adder simulacrum (D:4)
  4 leopard geckos
  14 orcs
  A ball python (D:5)
  5 giant cockroaches
  3 hobgoblins
  7 jackals
  4 kobolds
  2 quokkas
  11 bats
  6 frilled lizards
  A giant cockroach zombie (D:5)
  7 goblins
  A leopard gecko zombie (D:5)
  A quokka simulacrum (D:4)
  8 rats
115 creatures vanquished.

Notes
Turn   | Place    | Note
-------+----------+-------------------------------------------
     0 | D:1      | shmeve the Minotaur Berserker began the quest for the Orb.
     0 | D:1      | Reached XP level 1. HP: 19/19 MP: 0/0
   218 | D:1      | Reached XP level 2. HP: 24/27 MP: 1/1
   494 | D:1      | Reached ** piety under Trog
   957 | D:2      | Reached XP level 3. HP: 28/33 MP: 2/2
  1067 | D:2      | Reached skill level 1 in Throwing
  1085 | D:2      | Reached XP level 4. HP: 21/41 MP: 3/3
  1356 | D:2      | Found a shadowy altar of Dithmenos.
  1889 | D:3      | Reached XP level 5. HP: 47/47 MP: 4/4
  2129 | D:3      | Reached *** piety under Trog
  2174 | D:3      | Reached skill level 5 in Fighting
  2228 | D:3      | Noticed a centaur
  2235 | D:3      | Killed a centaur
  2235 | D:3      | Reached skill level 5 in Axes
  2894 | D:4      | Found a runed gate.
  2894 | D:4      | Found a runed gate.
  2894 | D:4      | Found a runed gate.
  2926 | D:4      | Noticed Vylera's ghost (amateur FoAM)
  2931 | D:4      | Reached XP level 6. HP: 56/56 MP: 5/5
  2941 | D:4      | Killed Vylera's ghost
  3140 | D:4      | Noticed Grinder
  3163 | D:4      | Killed Grinder
  3163 | D:4      | Reached XP level 7. HP: 40/64 MP: 6/6
  3727 | D:4      | Found an iron altar of Okawaru.
  3728 | D:4      | Found a shattered altar of Ashenzari.
  3893 | D:5      | Entered Level 5 of the Dungeon
  3900 | D:5      | Noticed a hungry ghost
  3909 | D:5      | Killed a hungry ghost
  4045 | D:5      | Reached XP level 8. HP: 53/73 MP: 7/7
  4362 | D:5      | Found a sacrificial altar of Ru.
  4703 | D:5      | Received a gift from Trog
  4772 | D:5      | Found a hazy altar of Hepliaklqana.
  4970 | D:5      | Found Vaitzu's Jewellery Boutique.
  5169 | D:6      | Reached skill level 5 in Armour
  5281 | D:6      | HP: 3/111 [wight/halberd (5)]
  5281 | D:6      | Slain by a wight

Skill      XL: |  1  2  3  4  5  6  7  8 |
---------------+-------------------------+-----
Fighting       | 4 5 6 7 |  7.7
Axes           | 4 5 6 7 |  7.6
Throwing       | 1 2 3 |  3.6
Armour         | 3 4 5 |  5.1
Dodging        | 3 4 |  4.8

Action                   |  1- 3 |  4- 6 |  7- 9 || total
-------------------------+-------+-------+-------++-------
Melee: Hand axe          |    65 |    62 |       ||   127
       Headbutt          |     6 |    13 |    14 ||    33
       War axe           |       |    38 |    79 ||   117
Invok: Berserk           |       |     3 |     3 ||     6
       Trog's Hand       |       |     1 |       ||     1
 Stab: Sleeping          |     2 |     4 |     2 ||     8
  Eat: Chunk             |     1 |     5 |     6 ||    12
       Ration            |       |     1 |     1 ||     2
Armor: Animal skin       |    46 |    16 |    10 ||    72
Dodge: Dodged            |    92 |    95 |    71 ||   258
